[ AOE2 MATCH · #505522377 ]
UnrankedMalians vs Celts
Player's team · WIN
Rival team · LOSS
[ REPLAY ANALYSIS · EXTRACTED FROM THE RECORDED GAME ]
Feudal
10:49
Castle
23:56
Imperial
—
| APM avg | 38.1 |
| APM peak | 79 |
| eAPM avg | 19.7 |
| Villagers / military | 100 / 61 |
Focus
⚔️ 27.9% · 🌾 72.1%
Skirmisher ×38 · Knight ×12 · Archer ×10 · Spearman ×1
Feudal
11:27
Castle
22:33
Imperial
—
| APM avg | 57.8 |
| APM peak | 124 |
| eAPM avg | 21.8 |
| Villagers / military | 78 / 65 |
Focus
⚔️ 32.8% · 🌾 67.2%
Archer ×45 · Skirmisher ×17 · Fishing Ship ×4 · Mangonel ×2 · Demolition Raft ×1
Match map
Initial resources + every placement click. Lines = walls · curves = elevation contours. ◆ gold · ⬟ stone · ● berries · ✦ relic · ◌ wall gap
Your base· Open — 3t gap
Soloarqueros's base· Open — 5t gap
Smoothed initial terrain · ◌ = detected wall gap · hover for details
Inputs per minute
— mambaplayerS3 - - Soloarqueros
Build order — mambaplayerS3
First 150 of 282 actions detected
| 0:00 | Queue | Villager (Male) |
| 0:01 | Queue | Villager (Male) |
| 0:02 | Build | House |
| 0:03 | Build | House |
| 0:18 | Queue | Villager (Male) |
| 0:34 | Queue | Villager (Male) |
| 1:19 | Queue | Villager (Male) |
| 2:04 | Queue | Villager (Male) |
| 2:08 | Research | Loom |
| 2:41 | Queue | Villager (Male) |
| 2:45 | Build | Lumber Camp |
| 3:03 | Queue | Villager (Male) |
| 3:33 | Queue | Villager (Male) |
| 3:40 | Build | House |
| 3:47 | Queue | Villager (Male) |
| 4:44 | Queue | Villager (Male) |
| 5:09 | Queue | Villager (Male) |
| 5:19 | Queue | Villager (Male) |
| 5:21 | Build | Mill |
| 5:40 | Queue | Villager (Male) |
| 6:07 | Queue | Villager (Male) |
| 6:11 | Build | Farm |
| 6:17 | Build | Farm |
| 6:44 | Queue | Villager (Male) |
| 6:46 | Build | House |
| 7:15 | Build | Farm |
| 7:17 | Queue | Villager (Male) |
| 7:42 | Queue | Villager (Male) |
| 8:04 | Queue | Villager (Male) |
| 8:39 | Research | Feudal Age |
| 8:46 | Build | Barracks |
| 9:37 | Build | Farm |
| 9:38 | Build | Farm |
| 10:03 | Build | House |
| 10:17 | Build | Farm |
| 10:22 | Queue | Villager (Male) |
| 10:46 | Build | Mining Camp |
| 10:49 | Age | Feudal Age |
| 10:54 | Build | Archery Range |
| 10:59 | Queue | Spearman |
| 11:02 | Research | Double-Bit Axe |
| 11:09 | Build | House |
| 11:10 | Build | Palisade Wall |
| 11:18 | Queue | Villager (Male) |
| 11:35 | Build | Watch Tower |
| 11:36 | Queue | Archer |
| 11:36 | Queue | Archer |
| 11:44 | Build | Farm |
| 11:46 | Queue | Villager (Male) |
| 12:12 | Build | House |
| 12:20 | Queue | Skirmisher |
| 12:21 | Queue | Skirmisher |
| 12:27 | Build | Farm |
| 12:40 | Build | Farm |
| 12:47 | Build | Mining Camp |
| 12:51 | Build | Palisade Wall |
| 13:01 | Queue | Skirmisher |
| 13:07 | Queue | Villager (Male) |
| 13:14 | Queue | Archer |
| 13:21 | Build | House |
| 13:35 | Queue | Villager (Male) |
| 13:35 | Queue | Villager (Male) |
| 13:38 | Build | Farm |
| 13:51 | Queue | Archer |
| 13:56 | Build | House |
| 13:57 | Build | Palisade Wall |
| 14:00 | Build | Palisade Wall |
| 14:04 | Queue | Villager (Male) |
| 14:04 | Queue | Villager (Male) |
| 14:15 | Build | House |
| 14:25 | Build | Watch Tower |
| 14:28 | Queue | Skirmisher |
| 14:35 | Queue | Villager (Male) |
| 14:48 | Build | Watch Tower |
| 14:55 | Queue | Archer |
| 14:56 | Queue | Villager (Male) |
| 15:08 | Build | Farm |
| 15:13 | Build | Farm |
| 15:23 | Queue | Villager (Male) |
| 15:33 | Queue | Villager (Male) |
| 15:35 | Build | Blacksmith |
| 16:08 | Queue | Villager (Male) |
| 16:17 | Research | Fletching |
| 16:34 | Queue | Villager (Male) |
| 16:49 | Queue | Villager (Male) |
| 17:10 | Build | House |
| 17:22 | Build | Outpost |
| 17:24 | Build | Outpost |
| 17:25 | Queue | Villager (Male) |
| 17:34 | Queue | Villager (Male) |
| 17:37 | Build | Lumber Camp |
| 17:38 | Queue | Villager (Male) |
| 18:03 | Research | Horse Collar |
| 18:06 | Build | Market |
| 18:29 | Queue | Villager (Male) |
| 18:49 | Build | Farm |
| 18:52 | Build | House |
| 18:53 | Build | Palisade Wall |
| 18:54 | Queue | Villager (Male) |
| 18:57 | Build | Farm |
| 19:09 | Build | Palisade Wall |
| 19:13 | Research | Padded Archer Armor |
| 19:27 | Build | Farm |
| 19:36 | Queue | Villager (Male) |
| 19:38 | Queue | Villager (Male) |
| 19:40 | Build | Farm |
| 19:51 | Queue | Skirmisher |
| 19:52 | Queue | Skirmisher |
| 19:57 | Research | Wheelbarrow |
| 20:04 | Build | House |
| 20:05 | Build | House |
| 20:12 | Build | Farm |
| 20:30 | Build | Watch Tower |
| 20:37 | Build | Farm |
| 20:38 | Build | Farm |
| 20:50 | Build | Palisade Wall |
| 21:07 | Research | Castle Age |
| 21:15 | Queue | Skirmisher |
| 21:19 | Queue | Skirmisher |
| 21:28 | Build | Palisade Wall |
| 21:56 | Queue | Skirmisher |
| 22:03 | Build | Palisade Wall |
| 22:04 | Build | Palisade Wall |
| 22:05 | Build | Palisade Wall |
| 22:06 | Build | Palisade Wall |
| 22:12 | Queue | Skirmisher |
| 22:12 | Queue | Skirmisher |
| 22:33 | Queue | Skirmisher |
| 22:37 | Build | Archery Range |
| 22:58 | Queue | Villager (Male) |
| 22:59 | Queue | Villager (Male) |
| 23:33 | Research | Gold Mining |
| 23:36 | Queue | Archer |
| 23:37 | Queue | Archer |
| 23:37 | Queue | Archer |
| 23:41 | Queue | Skirmisher |
| 23:56 | Age | Castle Age |
| 23:58 | Research | Elite Skirmisher (upgrade) |
| 24:00 | Research | Bodkin Arrow |
| 24:11 | Build | Palisade Wall |
| 24:15 | Queue | Skirmisher |
| 24:15 | Queue | Skirmisher |
| 24:31 | Queue | Skirmisher |
| 24:38 | Build | House |
| 24:51 | Queue | Villager (Male) |
| 24:53 | Queue | Archer |
| 24:53 | Queue | Archer |
| 25:04 | Queue | Skirmisher |
| 25:09 | Queue | Skirmisher |
| 25:32 | Build | Town Center |
Build order — Soloarqueros
First 150 of 259 actions detected
| 0:00 | Queue | Villager (Male) |
| 0:00 | Queue | Villager (Male) |
| 0:02 | Build | House |
| 0:02 | Build | House |
| 0:12 | Queue | Villager (Male) |
| 0:24 | Queue | Villager (Male) |
| 1:28 | Queue | Villager (Male) |
| 2:03 | Queue | Villager (Male) |
| 2:03 | Research | Loom |
| 2:09 | Build | Lumber Camp |
| 2:28 | Queue | Villager (Male) |
| 2:54 | Queue | Villager (Male) |
| 3:29 | Queue | Villager (Male) |
| 3:53 | Queue | Villager (Male) |
| 4:00 | Build | House |
| 4:42 | Queue | Villager (Male) |
| 4:46 | Queue | Villager (Male) |
| 5:00 | Build | Mill |
| 5:18 | Queue | Villager (Male) |
| 5:21 | Queue | Villager (Male) |
| 5:43 | Build | House |
| 5:57 | Queue | Villager (Male) |
| 6:21 | Queue | Villager (Male) |
| 6:55 | Queue | Villager (Male) |
| 7:16 | Queue | Villager (Male) |
| 7:40 | Queue | Villager (Male) |
| 7:55 | Build | Palisade Wall |
| 7:59 | Queue | Villager (Male) |
| 8:03 | Build | House |
| 8:09 | Build | Mill |
| 8:29 | Build | Palisade Wall |
| 8:34 | Queue | Villager (Male) |
| 8:41 | Queue | Villager (Male) |
| 8:48 | Build | Palisade Wall |
| 9:13 | Research | Feudal Age |
| 9:17 | Build | Palisade Wall |
| 9:28 | Build | Mining Camp |
| 10:15 | Build | Palisade Wall |
| 10:16 | Build | Palisade Wall |
| 10:35 | Build | Palisade Wall |
| 11:05 | Queue | Villager (Male) |
| 11:27 | Age | Feudal Age |
| 11:31 | Build | Market |
| 11:32 | Queue | Villager (Male) |
| 11:36 | Build | Blacksmith |
| 11:57 | Build | House |
| 11:58 | Build | Palisade Wall |
| 12:03 | Queue | Villager (Male) |
| 12:22 | Research | Double-Bit Axe |
| 12:53 | Queue | Villager (Male) |
| 13:09 | Queue | Villager (Male) |
| 13:23 | Build | Lumber Camp |
| 13:25 | Queue | Villager (Male) |
| 13:34 | Build | Farm |
| 13:41 | Build | Stone Wall |
| 13:43 | Build | Stone Wall |
| 13:47 | Build | Stone Wall |
| 13:52 | Build | Stone Wall |
| 13:53 | Queue | Villager (Male) |
| 14:04 | Build | Barracks |
| 14:06 | Queue | Villager (Male) |
| 14:35 | Build | Gate |
| 14:37 | Build | Stone Wall |
| 14:44 | Queue | Villager (Male) |
| 14:57 | Build | Stone Wall |
| 15:01 | Queue | Villager (Male) |
| 15:05 | Queue | Villager (Male) |
| 15:10 | Build | Watch Tower |
| 15:16 | Build | Stone Wall |
| 15:17 | Queue | Villager (Male) |
| 15:21 | Queue | Villager (Male) |
| 15:28 | Build | Dock |
| 15:31 | Queue | Villager (Male) |
| 15:36 | Build | Lumber Camp |
| 15:38 | Build | Mill |
| 15:42 | Build | Farm |
| 15:43 | Queue | Villager (Male) |
| 15:53 | Build | House |
| 16:19 | Build | Watch Tower |
| 16:25 | Build | Blacksmith |
| 16:38 | Research | Fletching |
| 16:46 | Queue | Fishing Ship |
| 16:47 | Queue | Fishing Ship |
| 16:54 | Build | Farm |
| 16:58 | Build | Farm |
| 17:00 | Build | Farm |
| 17:04 | Build | Farm |
| 17:04 | Queue | Villager (Male) |
| 17:07 | Build | Farm |
| 17:22 | Build | Farm |
| 17:25 | Build | Farm |
| 17:30 | Build | House |
| 17:48 | Queue | Fishing Ship |
| 17:53 | Build | House |
| 18:07 | Build | Palisade Gate |
| 18:29 | Queue | Villager (Male) |
| 18:39 | Build | Farm |
| 18:39 | Build | Farm |
| 18:40 | Queue | Villager (Male) |
| 18:44 | Build | Archery Range |
| 18:46 | Build | House |
| 18:48 | Queue | Demolition Raft |
| 18:52 | Queue | Fishing Ship |
| 19:53 | Research | Castle Age |
| 19:59 | Queue | Skirmisher |
| 20:01 | Queue | Villager (Male) |
| 20:20 | Build | House |
| 20:21 | Queue | Skirmisher |
| 20:28 | Research | Padded Archer Armor |
| 20:30 | Queue | Skirmisher |
| 20:41 | Queue | Skirmisher |
| 20:58 | Research | Horse Collar |
| 21:13 | Queue | Skirmisher |
| 21:21 | Build | Fish Trap |
| 21:42 | Build | Fish Trap |
| 21:46 | Queue | Skirmisher |
| 22:20 | Queue | Skirmisher |
| 22:30 | Build | Archery Range |
| 22:33 | Age | Castle Age |
| 22:36 | Research | Elite Skirmisher (upgrade) |
| 22:38 | Research | Bodkin Arrow |
| 22:39 | Queue | Villager (Male) |
| 22:54 | Queue | Villager (Male) |
| 23:04 | Build | Town Center |
| 23:18 | Build | Town Center |
| 23:19 | Queue | Skirmisher |
| 23:29 | Build | Archery Range |
| 23:31 | Queue | Villager (Male) |
| 24:11 | Research | Crossbowman (upgrade) |
| 24:15 | Queue | Archer |
| 24:15 | Queue | Archer |
| 24:15 | Queue | Archer |
| 24:15 | Queue | Archer |
| 24:16 | Queue | Archer |
| 24:17 | Queue | Villager (Male) |
| 24:22 | Build | House |
| 24:23 | Queue | Archer |
| 24:23 | Queue | Archer |
| 24:38 | Queue | Villager (Male) |
| 24:40 | Queue | Archer |
| 25:05 | Queue | Villager (Male) |
| 25:14 | Queue | Archer |
| 25:15 | Queue | Archer |
| 25:21 | Queue | Villager (Male) |
| 25:36 | Queue | Archer |
| 25:36 | Queue | Archer |
| 25:38 | Build | Farm |
| 25:39 | Queue | Villager (Male) |
| 25:44 | Build | Siege Workshop |
| 25:45 | Queue | Villager (Male) |
Match timeline
| 7:55 | Soloarqueros · wall_segment Palisade Wall x8 |
| 8:29 | Soloarqueros · wall_segment Palisade Wall x4 |
| 8:46 | mambaplayerS3 · first_building Barracks |
| 8:48 | Soloarqueros · wall_segment Palisade Wall x11 |
| 9:17 | Soloarqueros · wall_segment Palisade Wall x5 |
| 10:15 | Soloarqueros · wall_segment Palisade Wall x1 |
| 10:16 | Soloarqueros · wall_segment Palisade Wall x1 |
| 10:35 | Soloarqueros · wall_segment Palisade Wall x1 |
| 10:49 | mambaplayerS3 · age_up feudal |
| 10:54 | mambaplayerS3 · first_building Archery Range |
| 11:10 | mambaplayerS3 · wall_segment Palisade Wall x3 |
| 11:27 | Soloarqueros · age_up feudal |
| 11:58 | Soloarqueros · wall_segment Palisade Wall x1 |
| 12:51 | mambaplayerS3 · wall_segment Palisade Wall x1 |
| 13:41 | Soloarqueros · wall_segment Stone Wall x4 |
| 13:43 | Soloarqueros · wall_segment Stone Wall x1 |
| 13:47 | Soloarqueros · wall_segment Stone Wall x10 |
| 13:52 | Soloarqueros · wall_segment Stone Wall x8 |
| 13:57 | mambaplayerS3 · wall_segment Palisade Wall x3 |
| 14:00 | mambaplayerS3 · wall_segment Palisade Wall x2 |
| 14:04 | Soloarqueros · first_building Barracks |
| 14:37 | Soloarqueros · wall_segment Stone Wall x1 |
| 14:57 | Soloarqueros · wall_segment Stone Wall x1 |
| 15:04 | Soloarqueros · first_market_buy 100 stone |
| 15:16 | Soloarqueros · wall_segment Stone Wall x1 |
| 15:28 | Soloarqueros · first_building Dock |
| 18:44 | Soloarqueros · first_building Archery Range |
| 18:53 | mambaplayerS3 · wall_segment Palisade Wall x6 |
| 19:07 | Soloarqueros · first_market_sell 100 wood |
| 19:09 | mambaplayerS3 · wall_segment Palisade Wall x6 |
| 20:50 | mambaplayerS3 · wall_segment Palisade Wall x9 |
| 20:57 | mambaplayerS3 · first_market_buy 100 food |
| 21:28 | mambaplayerS3 · wall_segment Palisade Wall x4 |
| 22:03 | mambaplayerS3 · wall_segment Palisade Wall x1 |
| 22:04 | mambaplayerS3 · wall_segment Palisade Wall x1 |
| 22:05 | mambaplayerS3 · wall_segment Palisade Wall x1 |
| 22:06 | mambaplayerS3 · wall_segment Palisade Wall x1 |
| 22:33 | Soloarqueros · age_up castle |
| 23:55 | mambaplayerS3 · first_market_sell 100 food |
| 23:56 | mambaplayerS3 · age_up castle |
| 24:11 | mambaplayerS3 · wall_segment Palisade Wall x1 |
| 25:44 | Soloarqueros · first_building Siege Workshop |
| 26:07 | mambaplayerS3 · first_building Stable |
| 26:43 | Soloarqueros · first_building Stable |
| 26:48 | Soloarqueros · wall_segment Stone Wall x1 |
| 27:06 | Soloarqueros · wall_segment Stone Wall x1 |
| 31:07 | mambaplayerS3 · first_building Castle |
| 36:15 | Soloarqueros · resign |
[ AI ANALYSIS · 1 CREDIT ]
What really happened in this match?
Wolo.gg analyzes every decision: build order, eco, micro, common mistakes by bracket. Personalized analysis on WhatsApp or Discord in 30 seconds.
Civ guide
Malians
Perfil
Jugador #12151820